 Dungeon Crawl Stone Soup version 0.25.1-2-g60ff931df9 (webtiles) character file.

Game seed: 4735326045317396687

177 DerDa the Grave Robber (level 5, -4/35 HPs)
             Began as a Vampire Necromancer on Oct 10, 2020.
             Killed from afar by Natasha (7 damage)
             ... with a magic dart
             ... on level 3 of the Dungeon.
             The game lasted 00:03:42 (2304 turns).

DerDa the Grave Robber (Vampire Necromancer)        Turns: 2304, Time: 00:03:43

Health: -4/35      AC:  2    Str:  7    XL:     5   Next: 31%
Magic:  1/10       EV: 12    Int: 19    God:
Gold:   106        SH:  0    Dex: 14    Spells: 3/11 levels left

rFire    . . .     SeeInvis +   j - +2 dagger (freeze)
rCold    . . .     Gourm    .   (no shield)
rNeg     . . .     Faith    .   a - +0 robe
rPois    .         Spirit   .   (no helmet)
rElec    .         Reflect  .   (no cloak)
rCorr    .         Harm     .   (no gloves)
MR       .....                  (no boots)
Stlth    ++........             (no amulet)
HPRegen  0.31/turn              (no ring)
MPRegen  0.12/turn              (no ring)

@: very slightly contaminated, regenerating quickly
A: no food, fangs 3, see invisible, unbreathing
a: Exsanguinate


You were on level 3 of the Dungeon.
You were alive.

You visited 1 branch of the dungeon, and saw 3 of its levels.

You collected 106 gold pieces.

Inventory:

Hand Weapons
 c - a +0 club
 j - a +2 dagger of freezing (weapon)
Armour
 a - a +0 robe (worn)
 i - a +0 buckler
Scrolls
 b - 3 scrolls of teleportation {unknown}
 d - 2 scrolls of identify {unknown}
 e - a scroll of fog {unknown}
 f - 2 scrolls of remove curse {unknown}
 h - a scroll of magic mapping {unknown}
 l - a scroll of amnesia {unknown}
Potions
 g - a potion of magic {unknown}
 k - a potion of berserk rage {unknown}
 m - a potion of lignification {unknown}
 n - 2 potions of flight {unknown}


   Skills:
 - Level 2.2 Dodging
 - Level 3.0 Stealth
 * Level 3.7 Spellcasting
 * Level 6.1 Necromancy


You had 3 spell levels left.
You knew the following spells:

 Your Spells              Type           Power        Failure   Level  Hunger
a - Pain                  Necr           ####         1%          1    N/A
b - Vampiric Draining     Necr           ####......   3%          3    N/A
c - Animate Dead          Necr           N/A          11%         4    N/A

Your spell library contained the following spells:

 Spells                   Type           Power        Failure   Level  Hunger
 Animate Skeleton         Necr           N/A          1%          1    N/A
 Agony                    Necr           ####....     30%         5    N/A

Dungeon Overview and Level Annotations

Branches:
Dungeon (3/15)

Altars:

Annotations:
D:3 Natasha


Innate Abilities, Weirdness & Mutations

You do not eat.
Your natural rate of healing is unusually fast.
You have razor-sharp teeth.
You have supernaturally acute eyesight. (SInv)
You can survive without breathing.


Message History

Aiming: Pain (safe; 1% risk of failure)
Press: ? - help, Shift-Dir - straight line, f/p - ogre
Aim: an ogre, wielding a +0 giant spiked club (almost dead, chance to defeat MR: 83%)
The ogre writhes in agony.
You kill the ogre!
Your Necromancy skill increases to level 6!
You have reached level 5!
You feel clever.
There is a stone staircase leading up here.
You see here a +0 giant spiked club.
Natasha, Servant of Life and Death comes into view.
Natasha hisses angrily.
Natasha stares at you and mumbles some strange words.
The magic dart hits you!
* * * LOW HITPOINT WARNING * * *
You see here a glowing long sword.
You see here a +0 giant spiked club.
Natasha casts a spell at you. The magic dart hits you!
You die...

...#######+#########
#......@)..........
#.####......[......
#.....)..h....
#.............
.......#########
########


You could see Natasha.

Vanquished Creatures
  An ogre (D:3)
  A worker ant (D:2)
  2 adders (D:2)
  An ooze (D:1)
  A worm (D:2)
  A leopard gecko (D:1)
  5 giant cockroaches
  7 goblins
  6 hobgoblins
  2 jackals (D:2)
  A quokka (D:2)
  2 bats (D:1)
  3 frilled lizards (D:2)
  5 kobolds
  A rat (D:1)
39 creatures vanquished.

Notes
Turn   | Place    | Note
-------+----------+-------------------------------------------
     0 | D:1      | DerDa the Vampire Necromancer began the quest for the Orb.
     0 | D:1      | Reached XP level 1. HP: 13/13 MP: 3/3
   258 | D:1      | Reached XP level 2. HP: 18/19 MP: 1/5
   612 | D:1      | Reached skill level 5 in Necromancy
  1190 | D:2      | Reached XP level 3. HP: 14/24 MP: 1/6
  1441 | D:2      | Reached XP level 4. HP: 27/30 MP: 1/8
  1606 | D:2      | Learned a level 3 spell: Vampiric Draining
  1611 | D:2      | Learned a level 4 spell: Animate Dead
  2283 | D:3      | Noticed an ogre
  2295 | D:3      | Killed an ogre
  2295 | D:3      | Reached skill level 6 in Necromancy
  2295 | D:3      | Reached XP level 5. HP: 8/35 MP: 0/10
  2300 | D:3      | Noticed Natasha
  2304 | D:3      | Killed from afar by Natasha

Illustrated notes

Levels and vault maps discovered:
D:1:      saegor_arrival_miasma, layout_basic
D:2:      layout_basic, first_ration, minmay_misc_feat_plants
D:3:      layout_basic, nemelex_lonely_heart_becter, uniq_natasha

Skill      XL: |  1  2  3  4 |
---------------+-------------+-----
Necromancy     | 5 6 |  6.1
Spellcasting   | 3 |  3.7
Dodging        | |  2.2
Stealth        | |  3.0

Action                   |  1- 3 |  4- 6 || total
-------------------------+-------+-------++-------
Melee: Club              |     4 |       ||     4
 Cast: Pain              |    47 |    33 ||    80
Armor: Robe              |     3 |     3 ||     6
Dodge: Dodged            |     4 |     2 ||     6
